 Dungeon Crawl Stone Soup version 0.19.5 (webtiles) character file.

135116 miragecloak the Bludgeoner (level 17, -10/152 HPs)
             Began as a Formicid Abyssal Knight on Apr 27, 2017.
             Was an Elder of Lugonu.
             Killed from afar by a nagaraja (42 damage)
             ... with an orb of energy
             ... on level 4 of the Snake Pit on May 2, 2017.
             The game lasted 01:26:33 (35141 turns).

miragecloak the Bludgeoner (FoAK)                  Turns: 35141, Time: 01:26:35

Health: -10/152    AC: 24    Str: 22    XL:     17   Next: 77%
Magic:  18/18      EV: 13    Int:  6    God:    Lugonu [****..]
Gold:   1187       SH: 15    Dex: 15    Spells: 0 memorised, 16 levels left

rFire  + . .     SeeInvis +     B - +9 great mace (distort)
rCold  . . .     Gourm    .     b - +5 ring mail "Jaibruami" {+Inv rElec rN+ Int-4}
rNeg   + + .     Faith    .     D - +2 shield
rPois  +         Spirit   .     (helmet unavailable)
rElec  +         Reflect  .     x - +0 cloak
rCorr  .         Harm     .     E - +2 pair of gloves {Str+3}
MR     ++++.     Clarity  +     G - +2 pair of boots
Stlth  +.........               y - amulet of the Four Winds {rN+ MR+++ Clar}
                                q - ring of poison resistance
                                S - ring of protection from fire

@: lethally poisoned (-10 -> -20), constricted
A: permanent stasis, dig shafts and tunnels, four strong arms, antennae 3,
yellow scales 1, dopey 1, low mp 3, sense surroundings 1, robust 1, screaming 3,
MP-powered wands, sturdy frame 1
a: Dig, Shaft Self, Depart the Abyss, Bend Space, Banish, Corrupt, Renounce
Religion, Evoke Invisibility


You were on level 4 of the Snake Pit.
You worshipped Lugonu.
Lugonu was greatly pleased with you.
You were not hungry.

You visited 5 branches of the dungeon, and saw 28 of its levels.
You visited the Abyss 3 times.

You collected 2064 gold pieces.
You spent 877 gold pieces at shops.

Inventory:

Hand Weapons
 B - a +9 great mace of distortion (weapon)
Armour
 b - the +5 ring mail "Jaibruami" (worn) {+Inv rElec rN+ Int-4}
   (You found it on level 6 of the Dungeon)

   It affects your intelligence (-4).
   It insulates you from electricity.
   It protects you from negative energy.
   It lets you turn invisible.
 x - a +0 cloak (worn)
 D - a +2 shield (worn)
 E - a +2 pair of gloves of strength (worn)
 G - a +2 pair of boots (worn)
Jewellery
 l - an uncursed ring of protection from fire
 q - a ring of poison resistance (right hand)
 y - the amulet of the Four Winds (around neck) {rN+ MR+++ Clar}
   (You bought it in a shop on level 15 of the Dungeon)

   [amulet of nothing]

   It protects you from negative energy.
   It affects your resistance to hostile enchantments.
   It protects you against confusion.
 S - a ring of protection from fire (left hand)
Wands
 g - a wand of iceblast (5/15)
 w - a wand of polymorph (16/24)
 L - a wand of digging (13/24)
Scrolls
 a - 11 scrolls of remove curse
 d - 6 scrolls of recharging {unknown}
 e - a scroll of vulnerability {unknown}
 f - a scroll of summoning {unknown}
 i - a scroll of acquirement {unknown}
 j - a scroll of torment {unknown}
 n - 19 scrolls of identify
 o - 3 scrolls of immolation {unknown}
 t - 4 scrolls of enchant armour {unknown}
 u - 5 scrolls of magic mapping {unknown}
 v - 7 scrolls of fog {unknown}
 z - 3 scrolls of blinking {unknown}
 F - a scroll of enchant weapon
 J - a scroll of silence {unknown}
 K - 2 scrolls of amnesia {unknown}
 O - a scroll of random uselessness {unknown}
 X - a scroll of fear {unknown}
Potions
 k - 4 potions of agility {unknown}
 m - 2 potions of mutation {unknown}
 p - 3 potions of ambrosia {unknown}
 s - 6 potions of brilliance {unknown}
 C - a potion of curing
 H - 4 potions of invisibility {unknown}
 I - 3 potions of magic
 N - a potion of cancellation
 Q - 3 potions of lignification {unknown}
 T - 3 potions of flight
 U - a potion of resistance {unknown}
 Z - 3 potions of berserk rage {unknown}
Books
 Y - a book of Burglary

   Spells                             Type                      Level
   a - Swiftness                      Charms/Air                   2
   b - Passwall                       Transmutation/Earth          2
   c - Passage of Golubria            Translocation                4
   d - Lee's Rapid Deconstruction     Earth                        5
   e - Darkness                       Hexes                        6
   f - Invisibility                   Hexes                        6
Comestibles
 c - 13 bread rations
 h - 5 royal jellies
 r - 11 meat rations
 M - a slice of pizza
 P - 3 fruits


   Skills:
 + Level 14.3 Fighting
 + Level 16.3 Maces & Flails
 - Level 14.0 Armour
 - Level 8.0 Dodging
 - Level 13.0 Shields
 - Level 12.0 Invocations
 - Level 6.0 Evocations


You had 16 spell levels left.
You didn't know any spells.

Dungeon Overview and Level Annotations

Branches:
Dungeon (15/15)            Temple (0/1) D:7            Lair (6/6) D:10
 Shoals (1/4) Lair:3        Snake (4/4) Lair:3        Slime (0/5) Lair:5
    Orc (2/2) D:9          Vaults (0/5) D:13         Depths (0/5) D:15
    Elf: Orc:2

Altars:
Cheibriados
Gozag
Xom
Beogh
Jiyva

Shops:
D:4 (   D:5 *(   D:13 [   D:15 =   Snake:3 !

Annotations:
D:5 corrupted
Snake:1 Azrael
Snake:3 1 runed door
Orc:2 Snorg


Innate Abilities, Weirdness & Mutations

You are under a permanent stasis effect.
You can dig through walls and to a lower floor.
Your four strong arms can wield two-handed weapons with a shield.
You have a pair of large antennae on your head. (SInv)
You are partially covered in yellow scales. (AC +2)
You are dopey. (Int -2)
You passively map a small area around you.
You are robust. (+10% HP)
You expend magic power (3 MP) to strengthen your wands.
Your movements are slightly less encumbered by armour. (ER -2)
[Your magical capacity is extremely low. (-30% MP)]
[You frequently scream uncontrollably at your foes.]


Message History

The nagaraja is almost dead.
You feel sick. You block the nagaraja's attack.
The nagaraja gestures at you while chanting.
The orb of energy hits you!
* * * LOW HITPOINT WARNING * * *
The orb of energy explodes!
The nagaraja constricts you.
You hear a shout!
Quiver which item? (- for none, * to show all) (? for menu, Esc to quit)
Okay, then.
You feel much better.
You feel sick. You block the nagaraja's attack.
The nagaraja hits you with a whip.
* * * LOW HITPOINT WARNING * * *
The nagaraja constricts you. The nagaraja misses you.
You feel much better.
You feel sick. The nagaraja spits poison at you.
You block the splash of poison. The nagaraja constricts you.
The nagaraja completely misses you. The nagaraja casts a spell at you.
The orb of energy hits you!
You die...

#### ##..##
###.N..#
#@#{...## **,
##NN.(÷.#
##N.#..# *
#..#..# * ,
##..#.N# *
#÷..#N.#
##...#{.# {{,
#)...#{.#*{{{
#....#.NN ,{,


You could see 2 nagarajas and a naga ritualist.

Vanquished Creatures
  A quicksilver dragon (Abyss:1)
  A tentacled starspawn (Abyss:1)
  Agnes (Snake:1)
  2 nagarajas (Snake:2)
  A dire elephant (Lair:6)
  2 catoblepae
  A vault guard (D:13)
  11 anacondas
  6 naga warriors
  2 hydras
  Erica (D:8)
  An ogre mage (D:15)
  A deep troll shaman (Lair:6)
  3 tengu warriors
  8 death yaks
  A vampire mage (Abyss:1)
  A thrashing horror (Abyss:1)
  11 naga sharpshooters
  3 shock serpents
  Sonja (D:11)
  Urug (D:15)
  Nergalle (D:12)
  2 sea snakes (Snake:3)
  3 skeletal warriors (D:13)
  4 hill giants
  7 naga ritualists
  Pikel (D:4)
  5 mana vipers
  A phantasmal warrior (D:13)
  A wolf spider zombie (D:14)
  8 ugly things
  An orb spider (shapeshifter) (D:13)
  2 deep elf magi
  2 orc sorcerers
  A manticore (Lair:3)
  7 salamanders
  35 black mambas
  5 elephants
  A smoke demon (Abyss:1)
  An orange demon (Abyss:1)
  13 naga magi
  9 guardian serpents
  A rime drake (Lair:3)
  9 spiny frogs
  7 komodo dragons
  4 efreet
  3 tengu conjurers
  A merfolk (D:10)
  6 trolls
  3 polar bears
  Grinder (D:6)
  A two-headed ogre (D:12)
  14 blink frogs
  9 raiju (Abyss:1)
  9 hippogriffs
  A ynoxinul (Abyss:1)
  A shadow (D:15)
  A spriggan (D:10)
  A wraith (Abyss:1)
  A centaur simulacrum (D:15)
  A vampire (D:15)
  6 wyverns
  30 yaks
  2 basilisks
  4 fire elementals (Snake:1)
  Eustachio (D:4)
  Grum (D:9)
  A hungry ghost (D:15)
  Menkaure (D:4)
  A steam dragon (D:9)
  A warg (Orc:1)
  3 mottled dragons
  36 nagas
  2 large abominations (Abyss:1)
  A soldier ant (shapeshifter) (D:15)
  25 water moccasins
  Duvessa (D:4)
  6 hell hounds
  2 sky beasts
  2 slaves (D:4)
  11 porcupines
  A hornet zombie (D:13)
  8 orc warriors
  A phantom (D:11)
  2 black bears (D:12)
  8 ice beasts
  2 necrophages
  3 eyes of draining
  5 ogres
  21 wolves
  5 centaurs
  16 crocodiles
  8 big kobolds
  22 bullfrogs
  A wyvern skeleton (D:14)
  A wyvern zombie (D:13)
  7 scorpions
  12 killer bees
  Dowan (D:4)
  8 wights
  6 howler monkeys
  A centaur zombie (D:9)
  5 small abominations (Abyss:1)
  12 crimson imps
  9 starcursed masses (Abyss:1)
  A quasit (Abyss:1)
  4 centaur skeletons
  4 jellies
  9 orc priests
  A bullfrog zombie (D:13)
  6 hounds
  An iron imp (Abyss:1)
  3 iguanas
  18 orc wizards
  5 worker ants
  A killer bee zombie (D:6)
  A hound skeleton (D:7)
  Robin (D:4)
  12 gnolls
  2 howler monkey skeletons
  17 adders
  4 river rats
  4 shadow imps
  3 oozes
  An adder zombie (D:10)
  An adder skeleton (D:7)
  3 worms
  2 dart slugs
  4 leopard geckos
  63 orcs
  4 giant cockroaches
  25 goblins
  15 hobgoblins
  8 jackals
  11 quokkas
  5 ball pythons
  7 bats
  4 frilled lizards
  3 jackal skeletons
  50 kobolds
  A quokka skeleton (D:4)
  6 rats
  A fungus (Lair:1)
  9 plants
  2 starspawn tentacles (Abyss:1)
868 creatures vanquished.

Vanquished Creatures (others)
  An ettin (D:15)
  2 naga warriors
  A death yak (Lair:1)
  A naga sharpshooter (Snake:4)
  3 shock serpents
  A skeletal warrior (D:13)
  A naga ritualist (Snake:1)
  A hill giant (D:8)
  2 black mambas
  2 centaur zombies
  2 naga magi
  A troll (D:15)
  2 raiju (Abyss:1)
  A shapeshifter (D:15)
  A fire elemental (Snake:1)
  A yak (D:13)
  A small abomination (Abyss:1)
  2 nagas
  An orc warrior (D:7)
  A crocodile (Lair:6)
  3 quasits (D:5)
  2 worker ants
  A quokka (D:4)
  A frilled lizard (D:4)
  A butterfly (Lair:6)
  6 fungi
  24 plants
  9 starspawn tentacles (Abyss:1)
75 creatures vanquished.

Grand Total: 943 creatures vanquished

Notes
Turn   | Place    | Note
-------+----------+-------------------------------------------
     0 | Abyss:1  | miragecloak the Formicid Abyssal Knight began the quest for the Orb.
     0 | Abyss:1  | Reached XP level 1. HP: 18/18 MP: 2/2
    76 | Abyss:1  | Noticed a sixfirhy
    76 | D:1      | Escaped the Abyss
   123 | D:1      | Reached * piety under Lugonu
   242 | D:1      | Reached XP level 2. HP: 15/24 MP: 3/3
   554 | D:1      | Reached skill level 3 in Maces & Flails
   900 | D:2      | Reached XP level 3. HP: 20/29 MP: 4/4
  1267 | D:2      | Reached XP level 4. HP: 31/35 MP: 5/5
  1333 | D:2      | Reached skill level 4 in Maces & Flails
  1753 | D:2      | Reached ** piety under Lugonu
  2023 | D:3      | Reached XP level 5. HP: 41/41 MP: 6/6
  2432 | D:3      | Reached skill level 1 in Shields
  2723 | D:4      | Reached skill level 5 in Maces & Flails
  2728 | D:4      | Noticed Menkaure
  2728 | D:4      | Noticed an ogre
  2731 | D:4      | Reached XP level 6. HP: 31/47 MP: 7/7
  2732 | D:4      | Noticed Eustachio
  2734 | D:4      | You fall through a shaft for 3 floors!
  3105 | D:8      | Reached skill level 6 in Maces & Flails
  3105 | D:8      | Reached XP level 7. HP: 38/52 MP: 8/8
  3320 | D:8      | Reached XP level 8. HP: 7/58 MP: 11/11
  3603 | D:8      | Reached skill level 7 in Maces & Flails
  3642 | D:8      | Reached skill level 5 in Invocations
  3672 | D:8      | Reached *** piety under Lugonu
  3877 | D:8      | Noticed Erica
  3934 | D:8      | Killed Erica
  3934 | D:8      | Reached skill level 8 in Maces & Flails
  3934 | D:8      | Reached XP level 9. HP: 24/64 MP: 12/14
  4154 | D:8      | Noticed a hill giant
  4364 | D:7      | Found a staircase to the Ecumenical Temple.
  4382 | D:7      | Noticed a hippogriff
  4395 | D:7      | Killed a hippogriff
  4395 | D:7      | Reached skill level 9 in Maces & Flails
  5644 | D:7      | Noticed a troll
  5777 | D:6      | Noticed Grinder
  5810 | D:6      | Killed Grinder
  5810 | D:6      | Reached skill level 5 in Fighting
  6455 | D:6      | Reached XP level 10. HP: 59/76 MP: 16/16
  6549 | D:6      | Reached skill level 10 in Maces & Flails
  6693 | D:6      | Got a polished ring mail
  6710 | D:6      | Identified the +5 ring mail "Jaibruami" {+Inv rElec rN+ Int-4} (You found it on level 6 of the Dungeon)
  6801 | D:6      | Reached **** piety under Lugonu
  7224 | D:5      | Entered Level 5 of the Dungeon
  7732 | D:5      | Corrupted D:5
  7732 | D:5      | Noticed a worldbinder
  7732 | D:5      | Noticed an eidolon
  7732 | D:5      | Noticed a large abomination
  7732 | D:5      | Noticed a large abomination
  7733 | D:5      | Noticed a starcursed mass
  7733 | D:5      | Noticed a worldbinder
  7736 | D:5      | Noticed a yaktaur
  7736 | D:5      | Noticed an ironheart preserver
  7741 | D:5      | Noticed a cacodemon
  7742 | D:5      | Noticed a thrashing horror
  7745 | D:5      | Noticed a lich
  7790 | D:4      | Noticed Pikel
  7906 | D:4      | Killed Pikel
  7906 | D:4      | Reached skill level 5 in Shields
  7951 | D:4      | Found Coompag's Antique Weapon Emporium.
  8043 | D:4      | Killed Eustachio
  8234 | D:5      | Noticed a thrashing horror
  8452 | D:5      | Found Joedwuil's Elemental Accessories.
  8582 | D:4      | Killed Menkaure
  8692 | D:4      | Noticed Robin
  8722 | D:4      | Killed Robin
  9240 | D:4      | Noticed Dowan
  9241 | D:4      | Noticed Duvessa
  9261 | D:4      | Killed Dowan
  9266 | D:4      | Killed Duvessa
 10014 | D:5      | Found Suibrid's Weapon Emporium.
 10369 | D:8      | Reached skill level 5 in Armour
 10913 | D:8      | Banished a hill giant
 10913 | D:8      | Reached skill level 10 in Invocations
 11141 | D:8      | Reached XP level 11. HP: 81/81 MP: 18/18
 11148 | D:9      | Found a staircase to the Orcish Mines.
 11919 | D:9      | Noticed Grum
 11943 | D:9      | Killed Grum
 12039 | D:10     | Entered Level 10 of the Dungeon
 12106 | D:6      | Reached skill level 11 in Maces & Flails
 12146 | D:5      | Bought a +5 great mace of draining for 464 gold pieces
 12241 | Orc:1    | Entered Level 1 of the Orcish Mines
 12389 | Orc:1    | Reached ***** piety under Lugonu
 12581 | Orc:1    | Noticed an orc sorcerer
 12591 | Orc:1    | Killed an orc sorcerer
 12728 | Orc:2    | Entered Level 2 of the Orcish Mines
 12728 | Orc:2    | Found a roughly hewn altar of Beogh.
 12728 | Orc:2    | Noticed Snorg
 13015 | D:9      | Reached skill level 12 in Maces & Flails
 13091 | D:10     | Found a staircase to the Lair.
 13101 | Lair:1   | Entered Level 1 of the Lair of Beasts
 13667 | Lair:2   | Reached XP level 12. HP: 84/92 MP: 19/19
 14587 | Lair:3   | Found a staircase to the Shoals.
 14603 | Lair:3   | Reached skill level 10 in Fighting
 14826 | Lair:3   | Found a staircase to the Snake Pit.
 14840 | Lair:3   | Reached skill level 1 in Evocations
 15663 | Shoals:1 | Entered Level 1 of the Shoals
 15756 | Snake:1  | Entered Level 1 of the Snake Pit
 15779 | Snake:1  | Reached XP level 13. HP: 80/103 MP: 21/21
 15942 | Snake:1  | Noticed Azrael
 16235 | Lair:4   | Reached skill level 5 in Evocations
 17037 | Lair:5   | Found a staircase to the Slime Pits.
 17038 | Lair:5   | Found a viscous altar of Jiyva.
 17092 | Lair:5   | Reached ****** piety under Lugonu
 17947 | Lair:5   | Found a snail-covered altar of Cheibriados.
 18483 | Lair:6   | Entered Level 6 of the Lair of Beasts
 18521 | Lair:6   | Noticed a five-headed hydra
 19111 | Lair:6   | Killed a five-headed hydra
 19111 | Lair:6   | Reached skill level 13 in Maces & Flails
 19282 | Lair:6   | Reached skill level 10 in Shields
 19282 | Lair:6   | Reached XP level 14. HP: 105/110 MP: 23/23
 19359 | Lair:6   | Reached skill level 10 in Armour
 19676 | Lair:6   | Noticed a dire elephant
 19689 | Lair:6   | Killed a dire elephant
 20689 | D:11     | Reached skill level 1 in Dodging
 20765 | D:11     | Noticed Sonja
 20778 | D:11     | Killed Sonja
 21167 | D:11     | Gained mutation: You passively map a small area around you. [mutagenic meat]
 21663 | D:12     | Noticed Nergalle
 21674 | D:12     | Killed Nergalle
 21903 | D:12     | Gained mutation: You are partially covered in yellow scales. (AC +2) [mutagenic meat]
 21904 | D:12     | Gained mutation: Your mind is acute. (Int +2) [mutagenic meat]
 21905 | D:12     | Gained mutation: [Your magical capacity is low. (-10% MP)] [mutagenic meat]
 22172 | D:12     | Found a shimmering altar of Xom.
 22453 | D:13     | Gained mutation: You have sharp toenails. [mutagenic meat]
 22618 | D:13     | Found Nubri's Armour Shoppe.
 22679 | D:13     | Reached skill level 14 in Maces & Flails
 22927 | D:13     | Identified a +9 great mace of distortion (a +8 great mace of draining corrupted by Lugonu)
 22927 | D:13     | Received a gift from Lugonu
 23291 | D:13     | Found a gate to the Vaults.
 23367 | D:13     | Reached XP level 15. HP: 109/118 MP: 21/21
 23662 | D:14     | Lost mutation: You have sharp toenails. [mutagenic meat]
 23963 | D:14     | Found an opulent altar of Gozag.
 24240 | D:15     | Entered Level 15 of the Dungeon
 24240 | D:15     | Noticed Urug
 24256 | D:15     | Killed Urug
 24813 | D:15     | Lost mutation: Your mind is acute. (Int +2) [mutagenic meat]
 24814 | D:15     | Gained mutation: You are dopey. (Int -2) [mutagenic meat]
 24815 | D:15     | Gained mutation: You expend magic power (3 MP) to strengthen your wands. [mutagenic meat]
 24838 | D:15     | Found a staircase to the Depths.
 24867 | D:15     | Found Iregacomp's Jewellery Shop.
 24896 | D:15     | Bought the amulet of the Four Winds {rN+ MR+++ Clar} for 299 gold pieces
 26398 | Snake:1  | Noticed Agnes
 26405 | Snake:1  | Killed Agnes
 27099 | Snake:1  | Reached XP level 16. HP: 65/129 MP: 22/22
 28110 | Snake:2  | Reached skill level 5 in Dodging
 28121 | Snake:2  | Gained mutation: Your movements are slightly less encumbered by armour. (ER -2) [mutagenic meat]
 28747 | Snake:2  | Noticed a nagaraja
 28769 | Snake:2  | Killed a nagaraja
 29648 | Snake:2  | Noticed a nagaraja
 29659 | Snake:2  | Killed a nagaraja
 30030 | Snake:3  | Found Anoufesi's Distillery.
 30038 | Snake:3  | Bought a potion of flight for 57 gold pieces
 30038 | Snake:3  | Bought a potion of curing for 57 gold pieces
 30416 | Snake:3  | Found a runed door.
 30447 | Snake:3  | Reached skill level 15 in Maces & Flails
 30696 | Snake:3  | You fall through a shaft!
 30696 | Snake:4  | Entered Level 4 of the Snake Pit
 31088 | Abyss:1  | Noticed a tentacled starspawn
 31093 | Abyss:1  | Noticed a quicksilver dragon
 31102 | Abyss:1  | Killed a quicksilver dragon
 31135 | Snake:4  | Escaped the Abyss
 31135 | Snake:4  | HP: 3/129 [black mamba (4)]
 31925 | Snake:4  | Noticed a nagaraja
 31966 | Snake:4  | Reached XP level 17. HP: 109/135 MP: 23/23
 32066 | Snake:4  | Reached skill level 16 in Maces & Flails
 34073 | Snake:4  | Gained mutation: [You occasionally shout uncontrollably at your foes.] [mutagenic meat]
 34074 | Snake:4  | Lost mutation: [Your magical capacity is low. (-10% MP)] [mutagenic meat]
 34075 | Snake:4  | Gained mutation: You have large cloven feet. [mutagenic meat]
 34076 | Snake:4  | Lost mutation: You have large cloven feet. [mutagenic meat]
 34077 | Snake:4  | Gained mutation: You are robust. (+10% HP) [mutagenic meat]
 34422 | Abyss:1  | Noticed a bone dragon
 34436 | Abyss:1  | Noticed a tentacled starspawn
 34759 | Abyss:1  | Noticed a tentacled starspawn
 34778 | Abyss:1  | Banished a tentacled starspawn
 35064 | Abyss:1  | Noticed a tentacled starspawn
 35076 | Abyss:1  | Killed a tentacled starspawn
 35115 | Snake:4  | Escaped the Abyss
 35134 | Snake:4  | HP: 3/152 [nagaraja/whip (19)]
 35139 | Snake:4  | HP: 3/152 [nagaraja/orb of energy (27)]
 35141 | Snake:4  | Killed from afar by a nagaraja

Skill      XL: |  1  2  3  4  5  6  7  8  9 10 11 12 13 14 15 16 17 |
---------------+----------------------------------------------------+-----
Maces & Flails | 3 4 5 6 8 9 10 12 13 14 15 16 | 16.3
Shields        | 2 4 6 8 10 12 13 | 13.0
Invocations    | 4 7 8 10 12 | 12.0
Fighting       | 5 6 8 10 11 12 14 | 14.3
Armour         | 5 8 9 11 13 14 | 14.0
Evocations     | 3 6 |  6.0
Dodging        | 3 8 |  8.0

Action                   |  1- 3 |  4- 6 |  7- 9 | 10-12 | 13-15 | 16-18 || total
-------------------------+-------+-------+-------+-------+-------+-------++-------
Melee: Mace              |    93 |   150 |   354 |   785 |       |       ||  1382
       Flail             |       |       |       |    24 |       |       ||    24
       Great mace        |       |       |       |   317 |  1175 |   739 ||  2231
Invok: Depart the Abyss  |     1 |       |       |       |       |     2 ||     3
       Banish            |       |       |     2 |     1 |     1 |       ||     4
       Corrupt           |       |       |       |     1 |       |       ||     1
       Brand Weapon With |       |       |       |       |     1 |       ||     1
       Enter the Abyss   |       |       |       |       |       |     2 ||     2
       Bend Space        |       |       |       |       |       |     1 ||     1
 Abil: Dig               |       |     2 |       |     1 |     4 |     7 ||    14
       Shaft Self        |       |     1 |       |       |       |     1 ||     2
  Use: Potion            |       |       |     3 |       |     1 |    15 ||    19
       Scroll            |       |       |       |     6 |     1 |       ||     7
 Stab: Sleeping          |       |     1 |     1 |     1 |       |       ||     3
       Petrified         |       |       |       |       |     3 |       ||     3
  Eat: Chunk             |     1 |     7 |     4 |    30 |    47 |    17 ||   106
       Beef jerky        |       |       |     1 |       |     1 |     2 ||     4
       Fruit             |       |       |     1 |       |     1 |       ||     2
       Meat ration       |       |       |     1 |       |       |     2 ||     3
       Pizza             |       |       |       |     1 |       |     2 ||     3
       Bread ration      |       |       |       |       |       |     1 ||     1
Armor: Leather armour    |    65 |    58 |    61 |     1 |       |       ||   185
       Robe              |       |       |    90 |    17 |       |       ||   107
       Ring mail         |       |       |       |   462 |   409 |   209 ||  1080
Dodge: Dodged            |    76 |    76 |   142 |   471 |   372 |   351 ||  1488
Block: Buckler           |       |    18 |    48 |   132 |       |       ||   198
       Shield            |       |       |       |   376 |   726 |   589 ||  1691
